 Dungeon Crawl Stone Soup version 0.22-a0-571-g4a923d4 (webtiles) character file.

9 kae the Ruffian (level 2, -8/25 HPs)
             Began as a Naga Transmuter on July 1, 2018.
             Mangled by a gnoll
             ... wielding a +0 halberd
              (15 damage)
             ... on level 2 of the Dungeon.
             The game lasted 00:00:33 (779 turns).

kae the Ruffian (Naga Transmuter)                    Turns: 779, Time: 00:00:34

Health: -8/25      AC:  1    Str: 12    XL:     2   Next: 16%
Magic:  4/5        EV: 10    Int: 13    God:
Gold:   0          SH:  0    Dex: 11    Spells: 4/5 levels left

rFire    . . .     SeeInvis +     - Unarmed
rCold    . . .     Gourm    .   (no shield)
rNeg     . . .     Faith    .   b - +0 robe
rPois    +         Spirit   .   (no helmet)
rElec    .         Reflect  .   (no cloak)
rCorr    .         Harm     .   (no gloves)
MR       .....                  (no barding)
Stlth    +.........             (no amulet)
HPRegen  0.08/turn              (no ring)
MPRegen  0.09/turn              (no ring)

@: appendage, hasted, quick
A: large, horns 2, see invisible, deformed body, poison resistance, slowness 2,
slow metabolism 1, spit poison 1, AC +0
a: Spit Poison, End Transformation


You were on level 2 of the Dungeon.
You were not hungry.
You had grown temporary horns.
You visited 1 branch of the dungeon, and saw 2 of its levels.

Inventory:

Missiles
 a - 34 arrows
Armour
 b - a +0 robe (worn)
Jewellery
 g - a +4 ring of strength {unknown}
Scrolls
 c - 2 scrolls of teleportation {unknown}
 f - a scroll of identify {unknown}
Potions
 h - a potion of might {unknown}
 i - 2 potions of brilliance {unknown}
Comestibles
 d - 2 rations
 j - a chunk of flesh


   Skills:
 + Level 1.2 Fighting
 - Level 1.5 Dodging
 * Level 3.2 Unarmed Combat
 + Level 2.1 Spellcasting
 * Level 2.2 Transmutations


You had 4 spell levels left.
You knew the following spells:

 Your Spells              Type           Power        Failure   Level  Hunger
a - Beastly Appendage     Tmut           #.....       10%         1    ##.....

Your spell library contained the following spells:

 Spells                   Type           Power        Failure   Level  Hunger
 Spider Form              Tmut/Pois      #.........   43%         3    ####...
 Blade Hands              Tmut           #.........   95%         5    ######.
 Ice Form                 Ice/Tmut       #.......     85%         4    #####..
 Sticks to Snakes         Tmut           #.......     16%         2    ###....


Dungeon Overview and Level Annotations

Branches:
Dungeon (1/15)

Altars:
Vehumet


Innate Abilities, Weirdness & Mutations

You cannot wear boots.
Your serpentine skin is tough. (AC +0)
You have supernaturally acute eyesight. (SInv)
Armour fits poorly on your strangely shaped body.
Your system is resistant to poisons. (rPois)
You cover ground very slowly.
You have a slow metabolism.
You can spit poison.
You have a pair of horns on your head.


Message History

The splash of poison hits the gnoll.
The gnoll is poisoned.
The gnoll is heavily wounded.
You feel slightly more hungry. The gnoll hits you with a whip.
You barely miss the gnoll.
The gnoll is heavily wounded.
The gnoll hits you with a whip.
You hit the gnoll.
You headbutt the gnoll, but do no damage.
The gnoll is severely wounded.
The gnoll completely misses you.
You closely miss the gnoll. Your headbutt misses the gnoll.
The gnoll is severely wounded.
You have got your breath back.
The gnoll hits you from afar with a halberd.
The gnoll hits you with a whip!
* * * LOW HITPOINT WARNING * * *
It was a potion of haste.
You feel yourself speed up.
The gnoll hits you from afar with a halberd!
Ouch! That really hurt!
You die...

..+................
###....###........
.........+......#
##.......#......#
##.......#......#
.'..............####
##.......#..........
#########[#'##########.
#.#.#..@ggg....
#.#.#.#########
#.#...........
#.####.######
#.............
######.####### #.# #.#
#.#


You could see 3 gnolls.

Vanquished Creatures
  A giant cockroach (D:1)
  A hobgoblin (D:1)
  2 jackals (D:2)
  3 kobolds (D:1)
  A bat (D:1)
  A goblin (D:1)
9 creatures vanquished.

Notes
Turn   | Place    | Note
-------+----------+-------------------------------------------
     0 | D:1      | kae the Naga Transmuter began the quest for the Orb.
     0 | D:1      | Reached XP level 1. HP: 18/18 MP: 3/3
   487 | D:1      | Reached XP level 2. HP: 24/25 MP: 3/5
   516 | D:1      | You fall through a shaft!
   591 | D:2      | Found a radiant altar of Vehumet.
   779 | D:2      | Mangled by a gnoll

Vault maps used:
D:1:      nicolae_arrival_memento_mori
D:2:      overflow_temple_1_default, first_ration, uniq_robin

Action                   || total
-------------------------++-------
Melee: Unarmed           ||    32
       Headbutt          ||     3
 Cast: Beastly Appendage ||     5
 Abil: Spit Poison       ||     2
  Use: Potion            ||     1
Armor: Robe              ||     9
Dodge: Dodged            ||    27

Table legend:
 A = Spawn XP
 B = Non-spawn XP
 C = Spawn XP percentage of total XP
 D = Spawn monster count
 E = Non-spawn monster count
 F = Spawn count percentage of total count
 G = Total turns spent on level
                    A         B        C        D         E        F      G
               +---------+---------+-------+---------+---------+-------+---------
         Total |       0 |      14 |   0.0 |       0 |       9 |   0.0 |   779
               +---------+---------+-------+---------+---------+-------+---------
           D:1 |       0 |      10 |   0.0 |       0 |       7 |   0.0 |   516
           D:2 |       0 |       4 |   0.0 |       0 |       2 |   0.0 |   263
               +---------+---------+-------+---------+---------+-------+---------
